AoeStats
← Count Dracula

Arabian Desert

510112169Analyzed
1v1 RM · 2d ago on Sep 29, 2026· 57m 2s· 2 players
Game mode
Random Map
Map size
Tiny (2 player)
Population
200
Speed
Normal
Resources
Standard
Victory
Conquest
Starting age
Dark Age
Ending age
Imperial Age
RankedLock teamsTeams togetherTeam positionsShared explorationLock speedFull tech treeHidden civsTurbo modeCheats
Victory
Defeat
🇷🇴 Bohemians · Romania
765
+18
🇮🇪 Ethiopians · Ireland
800
-29
alex.bujicu
10:09 Feudal Age
8:26 Loom
12:30 Double-Bit Axe
16:34 Horse Collar
20:50 Castle Age
Count Dracula
1:11 Loom
10:11 Feudal Age
11:32 Wheelbarrow
12:59 Double-Bit Axe
23:32 Fletching
23:42 Padded Archer Armor
28:38 Castle Age
Connection lost

Rejoining the realm…

Still unreachable

The connection could not be restored.

Session expired

The server has moved on; the page needs a fresh start.